 Dungeon Crawl Stone Soup version 0.31-a0-236-g9a0961fb85 (webtiles) character file.

Game seed: 3501936442697222876

11400 qw the Skirmisher (level 11, -2/101 HPs)
             Began as a Minotaur Hexslinger on July 10, 2023.
             Was an Elder of Okawaru.
             Slain by a harpy (5 damage)
             ... on level 2 of the Lair of Beasts.
             The game lasted 00:04:41 (9661 turns).

qw the Skirmisher (Minotaur Hexslinger)             Turns: 9661, Time: 00:04:41

Health: -2/101     AC: 14    Str: 13    XL:     11   Next: 48%
Magic:  13/13      EV: 20    Int: 10    God:    Okawaru [****..]
Gold:   413        SH:  0    Dex: 17    Spells: 11/12 levels left

rFire   . . .        Y - +3 shortbow (drain)
rCold   . . .        (shield currently unavailable)
rNeg    . . .        h - +0 steam dragon scales
rPois   .            (helmet restricted)
rElec   .            o - +0 cloak
rCorr   .            e - +0 pair of gloves
SInv    .            (no boots)
Will    .....        b - amulet of faith
Stlth   +++          l - +4 ring of protection
HPRegen 0.36/turn    (no ring)
MPRegen 0.13/turn

%: faith
@: heroic
A: horns 2, retaliatory headbutt
a: Renounce Religion, Heroism, Finesse


You were on level 2 of the Lair of Beasts.
You worshipped Okawaru.
Okawaru was greatly pleased with you.
You visited 3 branches of the dungeon, and saw 11 of its levels.

You collected 516 gold pieces.
You spent 103 gold pieces at shops.


Innate Abilities, Weirdness & Mutations

You have a pair of horns on your head.
You reflexively headbutt those who attack you in melee.


   Skills:
 + Level 10.4(15.4) Fighting
 - Level 14.0(19.0) Ranged Weapons
 - Level 5.1(10.1) Armour
 - Level 8.1(13.1) Dodging
 - Level 1.0 Spellcasting
 - Level 2.0 Hexes
 + Level 5.2 Invocations


You had 11 spell levels left.
You knew the following spells:

 Your Spells              Type           Power      Damage    Failure   Level
a - Slow                  Hex            16%        N/A       16%         1

Your spell library contained the following spells:

 Spells                   Type           Power      Damage    Failure   Level
 Inner Flame              Hex/Fire       2%         N/A       56%         3
 Portal Projectile        Hex/Tloc       4%         N/A       56%         3
 Cause Fear               Hex            2%         N/A       83%         4

Inventory:

Hand Weapons
 Y - a +3 shortbow of draining (weapon)
Armour
 e - a +0 pair of gloves (worn)
 h - +0 steam dragon scales (worn)
 o - a +0 cloak (worn)
Jewellery
 b - an amulet of faith (around neck)
 l - a +4 ring of protection (left hand)
Wands
 q - a wand of digging (5)
Scrolls
 g - 2 scrolls of identify
Potions
 a - a potion of mutation
 c - a potion of haste {unknown}
 d - a potion of invisibility {unknown}
 f - a potion of might {unknown}
 i - 7 potions of curing
 j - a potion of resistance {unknown}
 k - a potion of enlightenment {unknown}
 p - a potion of magic {unknown}
 r - a potion of ambrosia {unknown}

Dungeon Overview and Level Annotations

Branches:
Dungeon (8/15)             Temple (1/1) D:7            Lair (2/5) D:8
  Swamp: Lair:2-3    Shoals: Lair:2-3     Snake: Lair:2-3    Spider: Lair:2-3

Altars:
Ashenzari
Cheibriados
Dithmenos
Elyvilon
Fedhas
Gozag
Hepliaklqana
Kikubaaqudgha
Nemelex Xobeh
Okawaru
Qazlal
Ru
Sif Muna
Trog
Vehumet
Wu Jian
Xom
Yredelemnul
Zin
Lugonu

Shops:
D:3 (

Portals:
Abyss: D:3

Annotations:
D:3 2 runed translucent doors
D:6 exclusion: 4 electric eels


Message History

The arrow hits the cane toad but does no damage.
You drain the cane toad.
The cane toad is heavily wounded.
You shoot an arrow. The arrow hits the cane toad.
The cane toad is severely wounded.
You shoot an arrow. The arrow hits the cane toad.
The cane toad is severely wounded.
The cane toad stings you but does no damage.
You shoot an arrow. The arrow hits the cane toad!
You kill the cane toad!
Okawaru accepts your kill.
You shoot an arrow. The arrow barely misses the harpy.
The harpy closely misses you. You furiously retaliate!
You headbutt the harpy. The harpy misses you.
A bullfrog comes into view.
You shoot an arrow.
The arrow hits the harpy but does no damage.
The harpy is lightly wounded.
The harpy misses you. The harpy completely misses you. x3
You shoot an arrow. The arrow hits the harpy.
The harpy is moderately wounded.
The harpy closely misses you. You furiously retaliate!
You headbutt the harpy! The harpy closely misses you.
You shoot an arrow.
The arrow hits the harpy but does no damage.
You drain the harpy.
The harpy is moderately wounded.
The harpy completely misses you. The harpy closely misses you.
You shoot an arrow. The arrow hits the harpy.
You drain the harpy.
The harpy is heavily wounded.
The harpy misses you. You furiously retaliate!
You headbutt the harpy. The harpy claws you. The harpy barely misses you. x2
You shoot an arrow. The arrow closely misses the harpy.
The arrow hits the bullfrog.
The bullfrog is lightly wounded.
The harpy closely misses you. The harpy misses you.
The harpy claws you but does no damage. The harpy claws you.
You shoot an arrow. The arrow completely misses the harpy.
The harpy misses you. The harpy claws you.
You die...

..#####P# #.#.##..### ###
.#.#..#...#####.##
.........#....#..#
...#..###.....##.##
#..P......##......####
..........##...#...#.#
##...P^...##....###..#
..........##..F%@P#..#
..............}HHP..<##
P.....#........>......#
..............##....P.#
.........%#..#....P.PP# ##
..........##.....#P.#####P#
.......#. #.....#...P.P..#
.... ..#. #..........l..##
.#.....#HH..##


You could see 2 harpies and a bullfrog.

Vanquished Creatures
  A harpy (Lair:2)
  A black mamba (Lair:2)
  8 cane toads
  Maggie (D:6)
  An unseen horror (D:6)
  4 komodo dragons
  Prince Ribbit (D:8)
  3 blink frogs (Lair:1)
  A wyvern (Lair:1)
  Eustachio (D:6)
  Grum (D:8)
  10 yaks (Lair:1)
  A basilisk (Lair:1)
  A steam dragon (D:7)
  Menkaure (D:5)
  Edmund (D:6)
  An acid dragon (D:8)
  4 water moccasins
  2 orc warriors
  2 black bears
  7 wolves
  A centaur (D:7)
  2 ogres
  A kobold brigand (D:8)
  5 bullfrogs
  2 scorpions
  3 wights (D:8)
  5 killer bees (D:8)
  3 electric eels (D:6)
  A howler monkey (D:7)
  6 hounds
  2 jellies
  4 orc priests
  4 iguanas
  9 orc wizards
  4 adders
  6 gnolls
  A river rat (D:5)
  A white imp (D:5)
  An ufetubus (D:6)
  2 worms (D:2)
  5 dart slugs
  25 orcs
  6 bats
  13 endoplasms
  6 giant cockroaches
  4 goblins
  2 hobgoblins (D:1)
  4 jackals
  9 kobolds
  3 quokkas
  11 ball pythons
  8 rats
212 creatures vanquished.

Vanquished Creatures (others)
  An orc wizard (D:6)
1 creature vanquished.

Grand Total: 213 creatures vanquished

Notes
Turn   | Place    | Note
-------+----------+-------------------------------------------
     0 | D:1      | qw the Minotaur Hexslinger began the quest for the Orb.
     0 | D:1      | Reached XP level 1. HP: 16/16 MP: 1/1
     0 | D:1      | 0 ||| qw: Version: 0.3-a-52-g30416fa
     0 | D:1      | 0 ||| qw: Game counter: 4763
     0 | D:1      | 0 ||| qw: Melee chars always use a shield: true
     0 | D:1      | 0 ||| qw: God list: Okawaru
     0 | D:1      | 0 ||| qw: Allow faded altars: false
     0 | D:1      | 0 ||| qw: Do Orc after clearing Dungeon:15 true
     0 | D:1      | 0 ||| qw: Do second Lair branch before Depths: true
     0 | D:1      | 0 ||| qw: Lair rune preference: random
     0 | D:1      | 0 ||| qw: Goals: Normal
     0 | D:1      | 0 ||| PLANNING D:1-11
    33 | D:1      | 33 ||| FLEEEEING.
    34 | D:1      | 34 ||| FLEEEEING.
    35 | D:1      | 35 ||| FLEEEEING.
    89 | D:1      | 89 ||| FLEEEEING.
    90 | D:1      | 90 ||| FLEEEEING.
    91 | D:1      | 91 ||| FLEEEEING.
    92 | D:1      | 92 ||| FLEEEEING.
    98 | D:1      | Reached skill level 3 in Ranged Weapons
    98 | D:1      | Reached XP level 2. HP: 23/23 MP: 2/2
   656 | D:1      | 656 ||| READING scroll labelled POUHAT SA UNAY.
   659 | D:1      | 659 ||| READING scroll labelled NIHIQU MAYWEWK.
   660 | D:1      | 660 ||| READING scroll labelled UDOCZI REYCK.
   661 | D:1      | 661 ||| DRINKING 2 orange potions.
   662 | D:1      | 662 ||| DROPPING scroll of poison.
   699 | D:2      | Reached XP level 3. HP: 27/29 MP: 3/3
   872 | D:2      | Reached skill level 4 in Ranged Weapons
  1053 | D:2      | 1053 ||| UPGRADING to +0 pair of gloves.
  1058 | D:2      | 1058 ||| READING scroll labelled CESYOR ICWAFER.
  1059 | D:2      | 1059 ||| READING scroll labelled YPRAUS SIYVE.
  1060 | D:2      | 1060 ||| DRINKING 2 fuming golden potions.
  1167 | D:3      | Reached XP level 4. HP: 22/36 MP: 4/4
  1169 | D:3      | 1169 ||| FLEEEEING.
  1170 | D:3      | 1170 ||| FLEEEEING.
  1171 | D:3      | 1171 ||| FLEEEEING.
  1269 | D:3      | You fall into a shaft and drop 1 floor!
  1344 | D:4      | Reached skill level 5 in Ranged Weapons
  1408 | D:4      | Identified the +2 quarterstaff of Fyunlek {freeze, rF+
                  | Will+}
  1492 | D:4      | 1492 ||| UPGRADING to +0 leather armour.
  1502 | D:4      | 1502 ||| DROPPING +0 robe.
  1503 | D:4      | 1503 ||| UPGRADING to +4 ring of protection.
  1515 | D:3      | Reached skill level 3 in Fighting
  1525 | D:3      | Reached XP level 5. HP: 39/45 MP: 5/5
  1567 | D:3      | Found Vumain's Weapon Shoppe.
  1576 | D:3      | 1576 ||| BUYING +0 shortbow of draining (103 gold).
  1576 | D:3      | Bought a +0 shortbow of draining for 103 gold pieces
  1576 | D:3      | 1576 ||| SWAPPING to +0 shortbow of draining.
  1577 | D:3      | 1577 ||| DROPPING +2 sling.
  1599 | D:3      | Found a faded altar of an unknown god.
  1743 | D:3      | Found a one-way gate to the infinite horrors of the Abyss.
  2053 | D:3      | Found a large runed translucent door.
  2054 | D:3      | Found a large runed translucent door.
  2055 | D:3      | Found a corrupted altar of Lugonu.
  2202 | D:3      | 2202 ||| UPGRADING to +0 robe of willpower.
  2212 | D:3      | 2212 ||| DROPPING +0 leather armour.
  2213 | D:3      | 2213 ||| UPGRADING to +0 cloak.
  2699 | D:4      | 2699 ||| READING 2 scrolls labelled TATEMO QEYNWIRIR.
  2700 | D:4      | 2700 ||| DROPPING scroll of revelation.
  2729 | D:5      | Entered Level 5 of the Dungeon
  2730 | D:5      | 2730 ||| PLANNING SEWER
  2741 | D:5      | Reached skill level 6 in Ranged Weapons
  2771 | D:5      | Reached XP level 6. HP: 52/52 MP: 6/6
  2776 | D:5      | Found a bloodstained altar of Trog.
  2824 | D:5      | Found a broken altar of Ashenzari.
  2870 | D:5      | 2870 ||| FLEEEEING.
  2873 | D:5      | 2873 ||| FLEEEEING.
  2874 | D:5      | 2874 ||| FLEEEEING.
  2875 | D:5      | 2875 ||| FLEEEEING.
  2945 | D:5      | Reached XP level 7. HP: 45/59 MP: 7/7
  2954 | D:5      | Reached skill level 7 in Ranged Weapons
  3249 | D:5      | Noticed Menkaure
  3258 | D:5      | HP: 8/59 [Menkaure (18)]
  3259 | D:5      | 3259 ||| DRINKING potion of heal wounds.
  3265 | D:5      | HP: 12/59 [Menkaure (4)]
  3268 | D:5      | HP: 4/59 [Menkaure (9)]
  3269 | D:5      | Killed Menkaure
  3270 | D:5      | Reached skill level 8 in Ranged Weapons
  3393 | D:5      | 3393 ||| RIP SEWER
  3419 | D:5      | 3419 ||| PLANNING D:1-11
  3419 | D:5      | 3419 ||| FLEEEEING.
  3420 | D:5      | 3420 ||| FLEEEEING.
  3696 | D:5      | 3696 ||| Stepping ~*~*~tactically~*~*~ (water).
  3698 | D:5      | 3698 ||| Stepping ~*~*~tactically~*~*~ (water).
  3700 | D:5      | 3700 ||| Stepping ~*~*~tactically~*~*~ (water).
  3726 | D:5      | 3726 ||| Stepping ~*~*~tactically~*~*~ (water).
  3928 | D:5      | Reached skill level 3 in Dodging
  3931 | D:5      | 3931 ||| READING scroll labelled WOTTUC BERPHUTT.
  4032 | D:5      | 4032 ||| READING scroll labelled FOUGUDUMAE.
  4172 | D:6      | Reached XP level 8. HP: 19/53 MP: 8/8
  4367 | D:6      | Noticed Edmund
  4373 | D:6      | Killed Edmund
  4374 | D:6      | Reached skill level 9 in Ranged Weapons
  4445 | D:6      | Noticed Eustachio
  4472 | D:6      | 4472 ||| FLEEEEING.
  4475 | D:6      | HP: 16/65 [something (3)]
  4477 | D:6      | Killed Eustachio
  4478 | D:6      | Reached skill level 6 in Fighting
  4481 | D:6      | 4481 ||| STAIRDANCE
  4483 | D:5      | HP: 17/71 [something (1)]
  4658 | D:5      | 4658 ||| UPGRADING to amulet of faith.
  4746 | D:6      | 4746 ||| FLEEEEING.
  4747 | D:6      | 4747 ||| FLEEEEING.
  4748 | D:6      | 4748 ||| FLEEEEING.
  4753 | D:6      | 4753 ||| FLEEEEING.
  4754 | D:6      | 4754 ||| FLEEEEING.
  4755 | D:6      | 4755 ||| FLEEEEING.
  4756 | D:6      | 4756 ||| FLEEEEING.
  4757 | D:6      | 4757 ||| FLEEEEING.
  4758 | D:6      | 4758 ||| FLEEEEING.
  4759 | D:6      | 4759 ||| FLEEEEING.
  4760 | D:6      | 4760 ||| FLEEEEING.
  4761 | D:6      | 4761 ||| FLEEEEING.
  4762 | D:6      | 4762 ||| FLEEEEING.
  4763 | D:6      | 4763 ||| FLEEEEING.
  4764 | D:6      | 4764 ||| FLEEEEING.
  4765 | D:6      | 4765 ||| FLEEEEING.
  5056 | D:6      | 5056 ||| Stepping ~*~*~tactically~*~*~ (water).
  5063 | D:6      | Reached skill level 10 in Ranged Weapons
  5077 | D:6      | 5077 ||| DRINKING 3 fuming emerald potions.
  5078 | D:6      | 5078 ||| Stepping randomly (disturbance).
  5079 | D:6      | 5079 ||| DROPPING 2 potions of attraction.
  5117 | D:6      | Killed an unseen horror
  5199 | D:6      | 5199 ||| FLEEEEING.
  5247 | D:6      | 5247 ||| FLEEEEING.
  5284 | D:6      | 5284 ||| FLEEEEING.
  5332 | D:6      | 5332 ||| FLEEEEING.
  5438 | D:6      | 5438 ||| FLEEEEING.
  5500 | D:6      | Reached XP level 9. HP: 73/79 MP: 9/9
  5544 | D:6      | 5544 ||| FLEEEEING.
  5611 | D:6      | 5611 ||| FLEEEEING.
  5659 | D:6      | 5659 ||| FLEEEEING.
  5756 | D:6      | 5756 ||| FLEEEEING.
  5798 | D:6      | 5798 ||| FLEEEEING.
  5845 | D:6      | 5845 ||| FLEEEEING.
  5895 | D:6      | 5895 ||| FLEEEEING.
  5949 | D:6      | 5949 ||| READING scroll labelled IGAINT EGYFAZ.
  6097 | D:6      | 6097 ||| DRINKING 2 white potions.
  6098 | D:6      | 6098 ||| DROPPING potion of brilliance.
  6145 | D:7      | Noticed Maggie
  6162 | D:7      | 6162 ||| STAIRDANCE
  6209 | D:7      | 6209 ||| STAIRDANCE
  6211 | D:6      | Killed Maggie
  6263 | D:6      | 6263 ||| UPGRADING to +0 steam dragon scales.
  6273 | D:6      | 6273 ||| DROPPING +0 robe of willpower.
  6274 | D:6      | 6274 ||| DROPPING +0 ring mail.
  6281 | D:7      | Reached skill level 3 in Armour
  6334 | D:7      | Found a staircase to the Ecumenical Temple.
  6335 | D:7      | 6335 ||| PLANNING TEMPLE
  6345 | Temple   | Entered the Ecumenical Temple
  6420 | Temple   | 6420 ||| PLANNING OKAWARU WORSHIP
  6484 | Temple   | Became a worshipper of Warmaster Okawaru
  6485 | Temple   | 6485 ||| PLANNING D:1-11
  6513 | D:7      | Found a shadowy altar of Dithmenos.
  6576 | D:7      | Reached skill level 11 in Ranged Weapons
  6596 | D:7      | 6596 ||| FLEEEEING.
  6597 | D:7      | 6597 ||| FLEEEEING.
  6598 | D:7      | 6598 ||| FLEEEEING.
  6599 | D:7      | 6599 ||| FLEEEEING.
  6600 | D:7      | 6600 ||| FLEEEEING.
  6601 | D:7      | 6601 ||| STAIRDANCE
  6754 | D:7      | 6754 ||| FLEEEEING.
  6755 | D:7      | 6755 ||| STAIRDANCE
  7168 | D:7      | 7168 ||| READING scroll labelled URIGRO HISATEA.
  7281 | D:7      | 7281 ||| READING scroll labelled WOILY JECK.
  7349 | D:8      | Reached skill level 12 in Ranged Weapons
  7362 | D:8      | Reached * piety under Okawaru
  7372 | D:8      | Reached skill level 1 in Invocations
  7538 | D:8      | Noticed Prince Ribbit
  7539 | D:8      | 7539 ||| INVOKING Heroism.
  7547 | D:8      | Killed Prince Ribbit
  7569 | D:8      | 7569 ||| FLEEEEING.
  7570 | D:8      | 7570 ||| FLEEEEING.
  7571 | D:8      | 7571 ||| FLEEEEING.
  7572 | D:8      | 7572 ||| FLEEEEING.
  7573 | D:8      | 7573 ||| FLEEEEING.
  7574 | D:8      | 7574 ||| INVOKING Heroism.
  7697 | D:8      | 7697 ||| FLEEEEING.
  7698 | D:8      | 7698 ||| FLEEEEING.
  7699 | D:8      | 7699 ||| FLEEEEING.
  7703 | D:8      | 7703 ||| FLEEEEING.
  7704 | D:8      | 7704 ||| FLEEEEING.
  7706 | D:8      | 7706 ||| FLEEEEING.
  7707 | D:8      | 7707 ||| FLEEEEING.
  7708 | D:8      | 7708 ||| FLEEEEING.
  7709 | D:8      | 7709 ||| FLEEEEING.
  7710 | D:8      | 7710 ||| FLEEEEING.
  7711 | D:8      | 7711 ||| FLEEEEING.
  7712 | D:8      | 7712 ||| FLEEEEING.
  7713 | D:8      | 7713 ||| FLEEEEING.
  7714 | D:8      | 7714 ||| FLEEEEING.
  7715 | D:8      | 7715 ||| FLEEEEING.
  7722 | D:8      | 7722 ||| FLEEEEING.
  7723 | D:8      | 7723 ||| FLEEEEING.
  7724 | D:8      | 7724 ||| FLEEEEING.
  7725 | D:8      | 7725 ||| STAIRDANCE
  7798 | D:7      | 7798 ||| DRINKING 2 smoky green potions.
  7799 | D:7      | 7799 ||| READING 2 scrolls of identify.
  7799 | D:7      | 7799 ||| IDENTIFYING puce potion
  7800 | D:7      | 7800 ||| DROPPING potion of berserk rage.
  7801 | D:7      | 7801 ||| DROPPING potion of degeneration.
  7906 | D:8      | Found a shimmering blue altar of Sif Muna.
  7925 | D:8      | Noticed Grum
  7926 | D:8      | 7926 ||| INVOKING Heroism.
  7929 | D:8      | Reached skill level 3 in Invocations
  7936 | D:8      | 7936 ||| Stepping ~*~*~tactically~*~*~ (outnumbered).
  7937 | D:8      | 7937 ||| Stepping ~*~*~tactically~*~*~ (outnumbered).
  7940 | D:8      | Killed Grum
  7941 | D:8      | Reached XP level 10. HP: 87/88 MP: 9/11
  7954 | D:8      | 7954 ||| INVOKING Heroism.
  8182 | D:8      | Found a staircase to the Lair.
  8403 | D:8      | 8403 ||| PLANNING LAIR
  8494 | Lair:1   | Entered Level 1 of the Lair of Beasts
  8584 | Lair:1   | Noticed a cane toad
  8585 | Lair:1   | 8585 ||| INVOKING Heroism.
  8592 | Lair:1   | Killed a cane toad
  8637 | Lair:1   | 8637 ||| INVOKING Heroism.
  8667 | Lair:1   | Reached ** piety under Okawaru
  8668 | Lair:1   | Reached skill level 6 in Dodging
  8711 | Lair:1   | Noticed a cane toad
  8713 | Lair:1   | 8713 ||| INVOKING Heroism.
  8723 | Lair:1   | Killed a cane toad
  8724 | Lair:1   | Reached skill level 13 in Ranged Weapons
  8782 | Lair:1   | Reached skill level 9 in Fighting
  8917 | Lair:1   | Found a dark tunnel.
  8939 | Lair:1   | 8939 ||| INVOKING Heroism.
  9011 | Lair:1   | 9011 ||| READING 3 scrolls of enchant weapon.
  9011 | Lair:1   | 9011 ||| ENCHANTING +0 shortbow of draining.
  9012 | Lair:1   | 9012 ||| READING 2 scrolls of enchant weapon.
  9012 | Lair:1   | 9012 ||| ENCHANTING +1 shortbow of draining.
  9013 | Lair:1   | 9013 ||| READING scroll of enchant weapon.
  9013 | Lair:1   | 9013 ||| ENCHANTING +2 shortbow of draining.
  9016 | Lair:1   | Noticed a cane toad
  9017 | Lair:1   | 9017 ||| INVOKING Heroism.
  9029 | Lair:1   | Killed a cane toad
  9047 | Lair:1   | Reached *** piety under Okawaru
  9051 | Lair:1   | Reached skill level 14 in Ranged Weapons
  9053 | Lair:1   | 9053 ||| INVOKING Heroism.
  9062 | Lair:1   | Reached XP level 11. HP: 58/97 MP: 10/13
  9161 | Lair:1   | 9161 ||| INVOKING Heroism.
  9193 | Lair:1   | 9193 ||| INVOKING Heroism.
  9354 | Lair:1   | Reached **** piety under Okawaru
  9367 | Lair:1   | 9367 ||| INVOKING Heroism.
  9465 | Lair:1   | 9465 ||| READING 2 scrolls of identify.
  9465 | Lair:1   | 9465 ||| IDENTIFYING purple potion
  9490 | Lair:2   | 9490 ||| INVOKING Heroism.
  9529 | Lair:2   | 9529 ||| INVOKING Heroism.
  9599 | Lair:2   | 9599 ||| FLEEEEING.
  9600 | Lair:2   | 9600 ||| INVOKING Heroism.
  9605 | Lair:2   | Noticed a harpy
  9607 | Lair:2   | Noticed a harpy
  9609 | Lair:2   | Noticed a harpy
  9613 | Lair:2   | HP: 24/99 [poisoned by a black mamba]
  9614 | Lair:2   | 9614 ||| READING 2 scrolls of teleportation.
  9614 | Lair:2   | HP: 7/99 [harpy (10)]
  9615 | Lair:2   | 9615 ||| DRINKING potion of heal wounds.
  9619 | Lair:2   | HP: 4/99 [poisoned by a black mamba]
  9629 | Lair:2   | 9629 ||| INVOKING Heroism.
  9633 | Lair:2   | 9633 ||| READING scroll of teleportation.
  9636 | Lair:2   | HP: 7/99 [harpy (2)]
  9639 | Lair:2   | Killed a harpy
  9640 | Lair:2   | 9640 ||| FLEEEEING.
  9641 | Lair:2   | 9641 ||| FLEEEEING.
  9642 | Lair:2   | 9642 ||| FLEEEEING.
  9643 | Lair:2   | 9643 ||| FLEEEEING.
  9659 | Lair:2   | HP: 9/101 [harpy (3)]
  9660 | Lair:2   | HP: 3/101 [harpy (6)]
  9661 | Lair:2   | Slain by a harpy

Levels and vault maps discovered:
D:1:      onia_arrival_mini_spirals, layout_basic, due_unseen_surprise
D:2:      layout_rooms
D:3:      due_chaos_kobolds, layout_loops_ring, basic_ecumenical_altar,
          serial_shops, shop, chequers_serial_rivers_small_b
D:4:      layout_loops_ring
D:5:      layout_loops_ring, trog_three_pillars_becter,
          nicolae_ashenzari_panopticon, gup_sewer_entry_spiral, uniq_menkaure
D:6:      cheibrodos_two_vegetables, layout_cave_pools,
          amcnicky_mini_pool_small, uniq_eustachio, uniq_edmund
D:7:      layout_rooms, mainiacjoe_overflow_24_doors,
          minmay_temple_entry_stoned_glass, kb_lookout_dungeons_type,
          st_stairs_4, uniq_maggie
D:8:      layout_cave_pods, kennysheep_mini, lair_entry_dummy, uniq_grum,
          uniq_prince_ribbit1
Temple:   nicolae_temple_superstar
Lair:1:   layout_concentric_octagons, nicolae_volcano_entry_s_turn
Lair:2:   layout_cave_shapes, nicolae_shoals_entry_roost, dummy_spider_entry

Skill      XL: |  1  2  3  4  5  6  7  8  9 10 11 |
---------------+----------------------------------+-----
Ranged Weapons | 3 4 5 6 8 10 12 14 | 14.0
Fighting       | 2 3 4 5 7 8 9 10 | 10.4
Armour         | 2 3 4 5 |  5.1
Dodging        | 3 5 6 8 |  8.1
Invocations    | 3 4 5 |  5.2
Spellcasting   | |  1.0
Hexes          | |  2.0

Action                     |  1- 3 |  4- 6 |  7- 9 | 10-12 || total
---------------------------+-------+-------+-------+-------++-------
   Fire: Sling             |   117 |    43 |       |       ||   160
         Shortbow          |       |    89 |   450 |   263 ||   802
 Invoke: Heroism           |       |       |     3 |    14 ||    17
    Use: Scroll            |     5 |     1 |     6 |     6 ||    18
         Potion            |     2 |       |     4 |     1 ||     7
 Armour: Robe              |    10 |    14 |    90 |       ||   114
         Leather armour    |       |     2 |       |       ||     2
         Steam dragon scal |       |       |    28 |    48 ||    76
  Dodge: Dodged            |    25 |    36 |   158 |   166 ||   385

Table legend:
 A = Non-vault XP
 B = Vault XP
 C = Vault XP percentage of total XP
 D = Non-vault monster count
 E = Vault monster count
 F = Vault count percentage of total count
                 A         B        C        D         E       F
            +---------+---------+-------+---------+---------+-------
      Total |   13060 |    3227 |  19.8 |     186 |      26 |  12.3
            +---------+---------+-------+---------+---------+-------
        D:1 |      31 |       0 |   0.0 |      19 |       0 |   0.0
        D:2 |      41 |       0 |   0.0 |      18 |       0 |   0.0
        D:3 |     107 |       0 |   0.0 |      23 |       0 |   0.0
        D:4 |     121 |       0 |   0.0 |       9 |       0 |   0.0
        D:5 |     797 |     198 |  19.9 |      17 |       9 |  34.6
        D:6 |     481 |    1461 |  75.2 |      24 |       9 |  27.3
        D:7 |     840 |     206 |  19.7 |      16 |       3 |  15.8
        D:8 |     905 |     712 |  44.0 |      21 |       4 |  16.0
     Lair:1 |    7090 |       0 |   0.0 |      31 |       0 |   0.0
     Lair:2 |    2647 |     650 |  19.7 |       8 |       1 |  11.1
            +---------+---------+-------+---------+---------+-------
